 Dungeon Crawl Stone Soup version 0.30.0 (webtiles) character file.

Game seed: 2670000874148684438

67 Meow the Conjurer (level 4, 36/36 HPs)
             Began as a Naga Conjurer on Dec 22, 2023.
             Quit the game on level 2 of the Dungeon.
             The game lasted 00:03:58 (1468 turns).

Meow the Conjurer (Naga Conjurer)                   Turns: 1468, Time: 00:03:59

Health: 36/36      AC:  2    Str:  9    XL:     4   Next: 16%
Magic:  17/17      EV:  9    Int: 20    God:
Gold:   157        SH:  0    Dex: 10    Spells: 6/9 levels left

rFire   + . .        a - +0 sling
rCold   . . .        (no shield)
rNeg    . . .        c - +0 robe
rPois   +            (no helmet)
rElec   .            (no cloak)
rCorr   .            (no gloves)
SInv    +            (no barding)
Will    .....        (no amulet)
Stlth   ++           e - ring of magical power
HPRegen 0.26/turn    r - ring of protection from fire
MPRegen 0.15/turn

%: no passive effects
@: very slow
A: AC +1, large, see invisible, deformed body, poison resistance, slowness 2,
spit poison 1, naga tail 1
a: Spit Poison


You were on level 2 of the Dungeon.
You visited 1 branch of the dungeon, and saw 2 of its levels.

You collected 157 gold pieces.

Inventory:

Hand Weapons
 a - a +0 sling (weapon)
 b - a +0 dagger of venom
Missiles
 h - 12 stones
 l - 5 poisoned darts
Armour
 c - a +0 robe (worn)
Jewellery
 e - a ring of magical power (left hand)
 r - a ring of protection from fire (right hand)
Scrolls
 f - a scroll of magic mapping {unknown}
 i - a scroll of summoning {unknown}
 j - a scroll of identify {unknown}
 k - a scroll of teleportation {unknown}
 m - a scroll of enchant armour {unknown}
 o - a scroll of amnesia {unknown}
Potions
 d - a potion of mutation {unknown}
 g - 2 potions of cancellation {unknown}
 n - a potion of degeneration {unknown}
 p - a potion of curing {unknown}
 q - 2 potions of lignification {unknown}
 s - 2 potions of magic


   Skills:
 - Level 1.5 Dodging
 - Level 3.0 Stealth
 + Level 3.1 Spellcasting
 + Level 4.8 Conjurations


You had 6 spell levels left.
You knew the following spells:

 Your Spells              Type           Power      Damage    Failure   Level
a - Magic Dart            Conj           88%        1d7       1%          1
b - Searing Ray           Conj           44%        2d6       3%          2

Your spell library contained the following spells:

 Spells                   Type           Power      Damage    Failure   Level
 Dazzling Flash           Conj/Hex       24%        N/A       16%         3
 Scorch                   Fire           6%         2d5       22%         2
 Ozocubu's Armour         Ice            3%         N/A       38%         3
 Flame Wave               Conj/Fire      12%        2d6       45%         4
 Fulminant Prism          Conj/Hex       6%         3d7       45%         4
 Iskenderun's Mystic Bla  Conj/Tloc      12%        2d5       45%         4
 Metabolic Englaciation   Hex/Ice        1%         N/A       98%         5
 Simulacrum               Ice/Necr       1%         N/A       100%        6
 Summon Cactus Giant      Summ           1%         N/A       100%        6


Dungeon Overview and Level Annotations

Branches:
Dungeon (2/15)

Altars:


Innate Abilities, Weirdness & Mutations

Your serpentine skin is tough. (AC +1)
You have supernaturally acute eyesight. (SInv)
Armour fits poorly on your strangely shaped body.
Your system is resistant to poisons. (rPois)
You cover ground very slowly.
You can spit poison.
You have a snake-like lower body.


Message History

A ball python comes into view.
The ball python moves out of view.
A ball python and an adder come into view.
The ball python hisses angrily.
There is an open door here.
Aiming: Spit Poison (2% risk of failure)
Press: ? - help, Shift-Dir - straight line, f - adder
Aim: an adder (37% to hit)
Okay, then.
Casting: Magic Dart (safe; 1% risk of failure)
Confirm with . or Enter, or press ? or * to list all spells.
Aiming: Searing Ray (safe; 3% risk of failure)
Press: ? - help, Shift-Dir - straight line, f - adder
Aim: an adder (63% to hit)
Okay, then.
The ball python attacks as you move away!
The ball python bites you. The adder bites you. The adder closely misses you.
The ball python bites you.
Found a stone staircase leading up.
The adder bites you.
Casting: Searing Ray (safe; 3% risk of failure)
Confirm with . or Enter, or press ? or * to list all spells.
Aiming: Searing Ray (safe; 3% risk of failure)
Press: ? - help, Shift-Dir - straight line, f - adder
Aim: an adder (63% to hit)
The searing ray hits the adder.
The adder is heavily wounded.
The searing ray hits the ball python!
You kill the ball python! (Press . to maintain the ray.)
The adder completely misses you.
You have reached level 4!
You feel agile.
The searing ray hits the adder!
You kill the adder!
Unknown command.
There is a stone staircase leading up here.
HP restored.
Magic restored.
You see here a scarf of repulsion.
Are you sure you want to abandon this character and quit the game? (Confirm with "yes".)

#####....##..........#.##.#.#
....'...............>.......#
#####..................#.##.#
##....###.#########.......#.#
##.##.# #............[....#.####
##.##.# #..########..####.#....#
...##.###..# #.. .#..)....####.#
..###.#....###.##.#.....######.#
..# #.#.........@.##.##.# #....#
..# #.###.####.#####.##.# #.####
### .. #.. #..........# #.#
###.######..###.# #.#
#...............# #.#
#####...####### #.# #..### #.#
###.## #.# #...# ######.#


There were no monsters in sight!

Vanquished Creatures
  An adder (D:2)
  A worm (D:2)
  A dart slug (D:1)
  6 endoplasms
  4 giant cockroaches
  6 goblins
  6 hobgoblins
  2 quokkas
  6 ball pythons
  3 bats
  4 frilled lizards
  4 kobolds (D:2)
  4 rats
48 creatures vanquished.

Notes
Turn   | Place    | Note
-------+----------+-------------------------------------------
     0 | D:1      | Meow the Naga Conjurer began the quest for the Orb.
     0 | D:1      | Reached XP level 1. HP: 15/15 MP: 3/3
   166 | D:1      | Reached XP level 2. HP: 22/22 MP: 1/5
   169 | D:1      | Learned a level 2 spell: Searing Ray
   458 | D:1      | Reached XP level 3. HP: 28/28 MP: 6/6
  1224 | D:2      | Found a faded altar of an unknown god.
  1446 | D:2      | Reached XP level 4. HP: 30/36 MP: 8/8
  1468 | D:2      | Quit the game

Illustrated notes

Levels and vault maps discovered:
D:1:      wander_arrival_chamber, layout_basic
D:2:      layout_basic, dreamdust_ecumenical_altar_statues,
          kennysheep_minor_cross, minmay_pentomino_s4

Skill      XL: |  1  2  3 |
---------------+----------+-----
Spellcasting   | 3 |  3.1
Dodging        | |  1.5
Stealth        | |  3.0
Conjurations   | |  4.8

Action                     |  1- 3 |  4- 6 || total
---------------------------+-------+-------++-------
   Cast: Magic Dart        |    60 |       ||    60
         Searing Ray       |     4 |       ||     4
Ability: Spit Poison       |    20 |       ||    20
  Dodge: Dodged            |     3 |       ||     3
